AoeStats
← EsteNoEsPaisa

Fortress

510187500Analyzed
2v2 RM · 14h ago on Sep 29, 2026· 78m 29s· 4 players
Game mode
Random Map
Map size
Normal (6 player)
Population
200
Speed
Normal
Resources
Standard
Victory
Conquest
Starting age
Dark Age
Ending age
Imperial Age
RankedLock teamsTeams togetherTeam positionsShared explorationLock speedFull tech treeHidden civsTurbo modeCheats
Victory
Defeat
🇳🇱 Magyars · Netherlands
919
+19
🇳🇱 Mongols · Netherlands
913
+20
🇦🇷 Jurchens · Argentina
1026
-21
🇦🇷 Persians · Argentina
959
-18
Smurfosaurus Rex
7:32 Feudal Age
11:44 Castle Age
9:39 Double-Bit Axe
9:37 Horse Collar
12:42 Bow Saw
12:49 Heavy Plow
13:24 Loom
16:14 Wheelbarrow
15:43 Town Watch
17:44 Hand Cart
18:32 Fletching
19:54 Bodkin Arrow
20:05 Gold Mining
21:05 Padded Archer Armor
21:59 Gold Shaft Mining
21:50 Bloodlines
23:12 Leather Archer Armor
23:42 Husbandry
27:46 Imperial Age
26:26 Thumb Ring
27:18 Stone Mining
28:56 Stone Shaft Mining
28:39 Bracer
29:41 Chemistry
29:01 Ballistics
31:00 Conscription
31:10 Parthian Tactics
30:58 Masonry
30:45 Light Cavalry
31:31 Scale Barding Armor
31:37 Forging
33:43 Chain Barding Armor
33:58 Iron Casting
35:42 Iron Casting
35:12 Hussar
37:34 Blast Furnace
37:45 Coinage
38:30 Herbal Medicine
39:29 Fortified Wall
40:06 Elite Mangudai
43:06 Hoardings
46:58 Siege Engineers
47:55 Nomads
50:19 Capped Ram
51:39 Siege Ram
53:01 Drill
55:16 Banking
55:21 Town Patrol
64:46 Careening
64:34 Murder Holes
73:51 Caravan
a_m_ct
8:12 Feudal Age
12:41 Castle Age
11:45 Double-Bit Axe
11:44 Horse Collar
13:47 Loom
16:54 Bow Saw
19:43 Fletching
19:56 Padded Archer Armor
21:23 Thumb Ring
24:57 Bloodlines
24:49 Husbandry
24:53 Bodkin Arrow
25:14 Leather Archer Armor
39:28 Scale Barding Armor
39:43 Gold Mining
50:20 Chain Barding Armor
52:26 Light Cavalry
58:28 Imperial Age
56:50 Heavy Plow
59:40 Hussar
63:02 Plate Barding Armor
62:28 Bracer
65:14 Scale Mail Armor
EsteNoEsPaisa
8:45 Feudal Age
9:27 Horse Collar
9:33 Double-Bit Axe
13:57 Castle Age
14:21 Scale Mail Armor
14:31 Forging
14:42 Squires
14:29 Gambesons
16:02 Chain Mail Armor
19:48 Iron Casting
23:26 Elite Skirmisher
24:08 Padded Archer Armor
23:59 Fletching
25:19 Wheelbarrow
24:37 Gold Mining
25:40 Leather Archer Armor
25:20 Bodkin Arrow
26:53 Heavy Plow
27:16 Bow Saw
33:42 Imperial Age
34:35 Ballistics
35:12 Ring Archer Armor
34:43 Bracer
35:43 Blast Furnace
35:11 Hand Cart
34:48 Elite Fire Lancer
38:00 Two-Man Saw
40:23 Stone Mining
43:08 Chemistry
53:09 Pikeman
53:35 Arson
54:03 Halberdier
56:40 Blast Furnace
Sergio A. Gamarra
8:19 Feudal Age
9:19 Double-Bit Axe
15:09 Castle Age
14:13 Horse Collar
14:26 Gold Mining
17:14 Heavy Plow
17:27 Bow Saw
20:48 Devotion
29:35 Scale Barding Armor
29:11 Elite Skirmisher
31:03 Forging
36:11 Imperial Age
36:40 Chain Barding Armor
40:25 Plate Barding Armor
39:42 Fletching
39:52 Padded Archer Armor
40:29 Iron Casting
41:48 Bodkin Arrow
42:59 Leather Archer Armor
49:42 Cavalier
50:00 Elite War Elephant
51:48 Blast Furnace
51:18 Ring Archer Armor
52:56 Husbandry
56:31 Scale Mail Armor
71:24 Savar
Connection lost

Rejoining the realm…

Still unreachable

The connection could not be restored.

Session expired

The server has moved on; the page needs a fresh start.